 Dungeon Crawl Stone Soup version 0.22.0-5-gf09313c (webtiles) character file.

523 Gorglomux the Chopper (level 7, -10/56 HPs)
             Began as a Formicid Gladiator on Aug 13, 2018.
             Was an Initiate of Okawaru.
             Killed by divine providence
             ... invoked by an orc priest
              (13 damage)
             ... on level 5 of the Dungeon.
             The game lasted 00:03:11 (4799 turns).

Gorglomux the Chopper (Formicid Gladiator)          Turns: 4799, Time: 00:03:12

Health: -10/56     AC:  4    Str: 19 (21) XL:     7   Next: 46%
Magic:  7/7        EV: 12    Int:  5 (7)  God:    Okawaru [......]
Gold:   162        SH:  0    Dex:  7 (10) Spells: 6/6 levels left

rFire    . . .     SeeInvis +   a - +0 war axe
rCold    . . .     Gourm    .   (no shield)
rNeg     . . .     Faith    .   b - +0 leather armour
rPois    .         Spirit   .   (helmet unavailable)
rElec    .         Reflect  .   (no cloak)
rCorr    .         Harm     .   J - +0 pair of gloves
MR       .....                  (no boots)
Stlth    +.........             (no amulet)
HPRegen  0.18/turn              L - -2 ring of dexterity (curse)
MPRegen  0.10/turn              (no ring)

@: no status effects
A: permanent stasis, dig shafts and tunnels, four strong arms, antennae 3
a: Dig, Shaft Self, Renounce Religion


You were on level 5 of the Dungeon.
You worshipped Okawaru.
Okawaru was noncommittal.
You were hungry.

You visited 2 branches of the dungeon, and saw 6 of its levels.

You collected 162 gold pieces.

Inventory:

Hand Weapons
 a - a +0 war axe (weapon)
Missiles
 Z - 2 throwing nets (quivered)
Armour
 b - a +0 leather armour (worn)
 J - a +0 pair of gloves (worn)
Jewellery
 L - a cursed -2 ring of dexterity (left hand)
Wands
 A - a wand of acid (9)
Scrolls
 I - 2 scrolls of remove curse {unknown}
 N - 2 scrolls of enchant armour {unknown}
 P - a scroll of fog {unknown}
 Q - 5 scrolls of identify {unknown}
 S - 2 scrolls of fear {unknown}
 W - 4 scrolls of teleportation {unknown}
 X - a scroll of immolation {unknown}
Potions
 H - a potion of curing {unknown}
 K - a potion of resistance {unknown}
 M - a potion of invisibility {unknown}
 O - a potion of degeneration
 R - a potion of experience {unknown}
 T - a potion of agility
 U - a potion of brilliance
 V - a potion of might
 Y - a potion of cancellation
Comestibles
 d - 9 rations


   Skills:
 + Level 5.1 Fighting
 + Level 5.2 Axes
 - Level 2.0 Throwing
 + Level 4.4 Armour
 - Level 2.6 Dodging


You had 6 spell levels left.
You didn't know any spells.
Your spell library was empty.

Dungeon Overview and Level Annotations

Branches:
Dungeon (5/15)             Temple (1/1) D:4

Altars:
Cheibriados
Fedhas
Gozag
Hepliaklqana
Kikubaaqudgha
Makhleb
Okawaru
Uskayaw
The Shining One


Innate Abilities, Weirdness & Mutations

You cannot be hasted, slowed, berserked, paralysed or teleported.
You can dig through walls and to a lower floor.
Your four strong arms can wield two-handed weapons with a shield.
You have a pair of large antennae on your head. (SInv)


Message History

The orc butt butts healed somewhat!
It was a potion of butt!
You feel clever all of a sudden!
The orc priest hits you with a whip! * * * don't die
* * * The orc priest misses butt!
It was a potion of might!
You butt very mighty all of a sudden!
The orc priest completely misses you!
The orc priest hits you with a short sword! * * * don't butt
* * * It was a potion of cancellation!
Your magical effects are unravelling!
You feel magically purged!
You feel a butt less mighty now!
You feel a little less clever now!
You feel a little less agile now! The orc priest barely misses you!
The orc butt calls down the wrath of Beogh upon you!
Beogh smites you!!! rip

############.#
#.<...o.o....#
#.####.######
#.#####o######
#.#...@o....!#
#.#.##########
#. .. #.


You could see 2 orc priests.

Vanquished Creatures
  Sigmund (D:2)
  A bullfrog (D:3)
  2 orc wizards
  An iguana (D:4)
  Jessica (D:2)
  A worker ant (D:4)
  Robin (D:2)
  5 adders
  An ooze (D:2)
  An adder skeleton (D:3)
  3 dart slugs
  A leopard gecko (D:2)
  6 orcs
  4 giant cockroaches
  16 goblins
  10 hobgoblins
  8 jackals
  2 quokkas
  A ball python (D:1)
  7 bats
  8 frilled lizards
  A jackal skeleton (D:4)
  9 kobolds
  7 rats
98 creatures vanquished.

Notes
Turn   | Place    | Note
-------+----------+-------------------------------------------
     0 | D:1      | Gorglomux the Formicid Gladiator began the quest for the Orb.
     0 | D:1      | Reached XP level 1. HP: 16/16 MP: 1/1
    83 | D:1      | Reached XP level 2. HP: 22/23 MP: 2/2
    93 | D:1      | Reached skill level 1 in Armour
   567 | D:1      | Reached XP level 3. HP: 28/28 MP: 3/3
   889 | D:2      | Reached skill level 3 in Fighting
   980 | D:2      | Noticed Sigmund
  1001 | D:2      | Killed Sigmund
  1001 | D:2      | Reached skill level 3 in Armour
  1001 | D:2      | Reached XP level 4. HP: 7/37 MP: 4/4
  1001 | D:2      | Reached XP level 5. HP: 8/42 MP: 5/5
  1001 | D:2      | Reached XP level 6. HP: 9/48 MP: 6/6
  1221 | D:2      | Noticed Robin
  1233 | D:2      | Killed Robin
  1608 | D:2      | Noticed Jessica
  1614 | D:2      | Killed Jessica
  1691 | D:2      | Found a hazy altar of Hepliaklqana.
  2657 | D:3      | Reached XP level 7. HP: 47/55 MP: 7/7
  2865 | D:3      | Found an opulent altar of Gozag.
  3602 | D:4      | Found a staircase to the Ecumenical Temple.
  3611 | Temple   | Entered the Ecumenical Temple
  3642 | Temple   | Became a worshipper of Warmaster Okawaru
  3711 | D:4      | HP: 2/55 [poisoned by a worker ant]
  4760 | D:4      | Found a glowing golden altar of the Shining One.
  4760 | D:4      | Found an ancient bone altar of Kikubaaqudgha.
  4777 | D:5      | Entered Level 5 of the Dungeon
  4799 | D:5      | Killed from afar by an orc priest

Skill      XL: |  1  2  3  4  5  6  7 |
---------------+----------------------+-----
Armour         | 1 3 4 |  4.4
Fighting       | 4 5 |  5.1
Axes           | 4 5 |  5.2
Throwing       | |  2.0
Dodging        | |  2.6

Action                   |  1- 3 |  4- 6 |  7- 9 || total
-------------------------+-------+-------+-------++-------
Melee: War axe           |   115 |    99 |   111 ||   325
Throw: Throwing net      |     3 |       |       ||     3
 Abil: Dig               |       |       |     2 ||     2
  Use: Potion            |       |       |     5 ||     5
 Stab: Held in net/web   |     1 |       |       ||     1
  Eat: Chunk             |       |     6 |     6 ||    12
Armor: Leather armour    |    32 |    42 |    37 ||   111
Dodge: Dodged            |    95 |    97 |    68 ||   260
